 Dungeon Crawl Stone Soup version 0.31-a0-771-g505c3d19dc (console) character file.

Game seed: 16540031237014497799

1813182 elliptic the Myrmidon (level 26, 215/215 HPs)
             Began as a Gnoll Cinder Acolyte on Sept 16, 2023.
             Was an Elder of Okawaru.
             Escaped with the Orb
             ... and 3 runes on Sept 17, 2023!
             The game lasted 04:24:00 (56464 turns).

elliptic the Myrmidon (Gnoll Cinder Acolyte)       Turns: 56464, Time: 04:24:01

Health: 215/215    AC: 45    Str: 39    XL:     26   Next: 51%
Magic:  45/45      EV: 20    Int: 19    God:    Okawaru [****..]
Gold:   3732       SH:  0    Dex: 21    Spells: 34/61 levels left

rFire   + . .        a - +10 dark maul {heavy}
rCold   + . .        (shield currently unavailable)
rNeg    + + .        A - +10 crystal plate armour of Wudayr {rC- Str+8, nodragon}
rPois   +            (helmet restricted)
rElec   +            W - scarf {rC+ rF+}
rCorr   .            b - +1 pair of gloves "Fumy" {Contam rElec Dex+5}
SInv    .            r - +3 pair of boots of Cotut {rN+ Int+6 Stlth-}
Will    +++..        e - amulet of regeneration Stlth
                     L - ring "Siusaegaiz" {rN+ Will+ Str+5}
HPRegen 1.35/turn    S - ring "Woasch" {rPois rC+ Str+5 Dex+3}
MPRegen 0.29/turn

%: no passive effects
@: hasted, studying Dodging, very quick
A: fangs 1, strong nose, distributed training, antennae 1, iridescent scales 1,
strong-willed 1, electricity resistance
0: Orb of Zot
}: 3/15 runes: barnacled, silver, gossamer
a: Renounce Religion, Heroism, Finesse


You escaped.
You worshipped Okawaru.
Okawaru was greatly pleased with you.
You visited 11 branches of the dungeon, and saw 51 of its levels.
You visited the Abyss 1 time.
You also visited: Trove, Ossuary, Ice Cave and Volcano.

You collected 8715 gold pieces.
You spent 4983 gold pieces at shops.


Innate Abilities, Weirdness & Mutations

You have very sharp teeth.
Your uncanny sense of smell can sniff out nearby items.
Your experience applies equally to all skills.
You have a pair of small antennae on your head.
You are partially covered in iridescent scales. (AC +2)
You are strong-willed. (Will+)
You are resistant to electric shocks. (rElec)


   Skills:
 + Level 19.0 Fighting
 + Level 18.0 Short Blades
 + Level 18.0 Long Blades
 + Level 18.0 Axes
 + Level 19.0 Maces & Flails
 + Level 18.0 Polearms
 + Level 18.0 Staves
 + Level 18.0 Ranged Weapons
 + Level 18.0 Throwing
 + Level 18.0 Armour
 + Level 19.4 Dodging
 + Level 18.0 Stealth
 + Level 18.0 Shields
 + Level 18.0 Unarmed Combat
 + Level 18.2 Spellcasting
 + Level 15.3 Conjurations
 + Level 15.3 Hexes
 + Level 15.3 Summonings
 + Level 15.3 Necromancy
 + Level 15.3 Translocations
 + Level 15.3 Transmutations
 + Level 16.2 Fire Magic
 + Level 15.3 Ice Magic
 + Level 15.3 Air Magic
 + Level 15.3 Earth Magic
 + Level 15.3 Poison Magic
 + Level 19.4 Invocations
 + Level 18.0 Evocations
 + Level 16.6 Shapeshifting


You had 34 spell levels left.
You knew the following spells:

 Your Spells              Type           Power      Damage    Failure   Level
a - Vhi's Electric Charg  Tloc/Air       100%       N/A       1%          4
i - Passage of Golubria   Tloc           66%        N/A       1%          4
q - Brom's Barrelling Bo  Conj/Erth      66%        2d8       1%          4
s - Swiftness             Air            66%        N/A       1%          3
v - Blink                 Tloc           100%       N/A       1%          2
w - Borgnjor's Vile Clut  Necr/Erth      33%        N/A       1%          5
x - Dispel Undead         Necr           66%        3d23      1%          4
A - Apportation           Tloc           100%       N/A       1%          1

Your spell library contained the following spells:

 Spells                   Type           Power      Damage    Failure   Level
 Freeze                   Ice            100%       1d10      1%          1
 Kiss of Death            Conj/Necr      100%       2d13      1%          1
 Magic Dart               Conj           100%       1d8       1%          1
 Necrotise                Necr           100%       1d9       1%          1
 Shock                    Conj/Air       100%       1d9       1%          1
 Cigotuvi's Dreadful Rot  Necr/Pois/Air  100%       N/A       1%          2
 Jinxbite                 Hex            100%       N/A       1%          2
 Lesser Beckoning         Tloc           100%       N/A       1%          2
 Momentum Strike          Conj/Tloc      100%       3d10      1%          2
 Scorch                   Fire           100%       2d9       1%          2
 Sublimation of Blood     Necr           66%        N/A       1%          2
 Wereblood                Tmut           66%        N/A       1%          2
 Confusing Touch          Hex            66%        N/A       1%          3
 Frozen Ramparts          Ice            100%       1d16      1%          3
 Hailstorm                Conj/Ice       66%        3d14      1%          3
 Ignite Poison            Fire/Tmut/Pois 67%        N/A       1%          3
 Inner Flame              Hex/Fire       67%        N/A       1%          3
 Mephitic Cloud           Conj/Pois/Air  66%        N/A       1%          3
 Ozocubu's Armour         Ice            66%        N/A       1%          3
 Vampiric Draining        Necr           66%        2d10      1%          3
 Airstrike                Air            33%        2d(5-21)  1%          4
 Anguish                  Hex/Necr       33%        N/A       1%          4
 Cause Fear               Hex            33%        N/A       1%          4
 Flame Wave               Conj/Fire      67%        2d15      1%          4
 Sticky Flame             Conj/Fire      67%        2d8       1%          4
 Agony                    Necr           66%        N/A       1%          5
 Alistair's Intoxication  Tmut/Pois      44%        N/A       1%          5
 Arcjolt                  Conj/Air       33%        1d43      1%          5
 Fireball                 Conj/Fire      33%        3d14      1%          5
 Irradiate                Conj/Tmut      33%        3d22      1%          5
 Iskenderun's Battlesphe  Conj           66%        2d12      1%          5
 Metabolic Englaciation   Hex/Ice        33%        N/A       1%          5
 Yara's Violent Unravell  Hex/Tmut       33%        3d14      1%          5
 Conjure Ball Lightning   Conj/Air       33%        3x3d11    6%          6
 Eringya's Noxious Bog    Tmut/Pois      33%        4d6       6%          6
 Leda's Unmaking          Conj/Erth      33%        9d6       6%          6
 Enfeeble                 Hex            33%        N/A       34%         7
 Orb of Destruction       Conj           33%        9d10      34%         7
 Ozocubu's Refrigeration  Ice            33%        4d14      34%         7
 Ignition                 Fire           34%        3d10      88%         8
 Maxwell's Capacitive Co  Air            33%        death     95%         8
 Chain Lightning          Conj/Air       33%        3d44      100%        9
 Polar Vortex             Ice            33%        12d4*     100%        9
 Call Imp                 Summ           Unusable   N/A       N/A         2
 Call Canine Familiar     Summ           Unusable   N/A       N/A         3
 Tukima's Dance           Hex            Unusable   N/A       N/A         3
 Summon Mana Viper        Hex/Summ       Unusable   N/A       N/A         5
 Death Channel            Necr           Unusable   N/A       N/A         6
 Simulacrum               Ice/Necr       Unusable   N/A       N/A         6
 Summon Cactus Giant      Summ           Unusable   N/A       N/A         6
 Spellforged Servitor     Conj/Summ      Unusable   N/A       N/A         7
 Summon Hydra             Summ           Unusable   N/A       N/A         7
 Dragon's Call            Summ           Unusable   N/A       N/A         9

Inventory:

Hand Weapons
 a - the +10 dark maul (weapon) {heavy}
   (You took it off a two-headed ogre on level 1 of the Orcish Mines)
Missiles
 I - 4 curare-tipped darts
 J - 7 throwing nets
Armour
 b - the +1 pair of gloves "Fumy" (worn) {Contam rElec Dex+5}
   (You acquired it on level 2 of the Realm of Zot)

   Dex+5:     It affects your dexterity (+5).
   rElec:     It insulates you from electricity.
   Contam:    It causes magical contamination when unequipped.
 p - a +2 helmet
 r - the +3 pair of boots of Cotut (worn) {rN+ Int+6 Stlth-}
   (You found it in a treasure trove)

   Int+6:     It affects your intelligence (+6).
   rN+:       It protects you from negative energy.
   Stlth-:    It makes you less stealthy.
 A - the +10 crystal plate armour of Wudayr (worn) {rC- Str+8, nodragon}
   (You found it on level 5 of the Vaults)

   Str+8:     It affects your strength (+8).
   rC-:       It makes you vulnerable to cold.
 N - the +3 pair of boots "Sonwion" {rC++ Dex-5 Stlth+}
   (You found it in a treasure trove)

   Dex-5:     It affects your dexterity (-5).
   rC++:      It greatly protects you from cold.
   Stlth+:    It makes you more stealthy.
 R - the +2 cloak "Pefariur" {rC+ Will+ MP+9}
   (You found it in a treasure trove)

   rC+:       It protects you from cold.
   Will+:     It increases your willpower.
   MP+9:      It affects your magic capacity (+9).
 W - a scarf of resistance (worn)
 Y - the +1 buckler "Emaxuulo" {rElec rC+ Int+6}
   (Okawaru gifted it to you on level 3 of the Spider Nest)

   Int+6:     It affects your intelligence (+6).
   rC+:       It protects you from cold.
   rElec:     It insulates you from electricity.
 Z - +0 gold dragon scales
Jewellery
 e - an amulet of regeneration (around neck)
 l - a ring of protection from fire
 m - a ring of resist corrosion
 n - the amulet "Verghaf" {RegenMP Will+ Slay+3}
   (You found it on level 3 of the Crypt)

   [amulet of magic regeneration]

   RegenMP:   It increases your rate of magic regeneration.
   Slay+3:    It affects your accuracy & damage with ranged weapons and melee
   (+3).
   Will+:     It increases your willpower.
 w - the ring "Xyutzuff" {EV+5 Str+3 Int-2 SInv}
   (You acquired it on level 1 of the Crypt)

   [ring of evasion]

   EV+5:      It affects your evasion (+5).
   Str+3:     It affects your strength (+3).
   Int-2:     It affects your intelligence (-2).
   SInv:      It lets you see invisible.
 z - a +4 ring of slaying
 H - the ring "Nidiemnutt" {Ice rCorr MP+9 Int+5 Dex-4}
   (You found it in an ice cave)

   [ring of ice]

   Ice:       It enhances your ice magic.
   Int+5:     It affects your intelligence (+5).
   Dex-4:     It affects your dexterity (-4).
   rF-:       It makes you vulnerable to fire.
   rC+:       It protects you from cold.
   MP+9:      It affects your magic capacity (+9).
   rCorr:     It protects you from acid and corrosion.
 L - the ring "Siusaegaiz" (left hand) {rN+ Will+ Str+5}
   (You found it on level 3 of the Crypt)

   [ring of positive energy]

   Str+5:     It affects your strength (+5).
   rN+:       It protects you from negative energy.
   Will+:     It increases your willpower.
 S - the ring "Woasch" (right hand) {rPois rC+ Str+5 Dex+3}
   (You found it in an ice cave)

   [ring of protection from cold]

   Str+5:     It affects your strength (+5).
   Dex+3:     It affects your dexterity (+3).
   rC+:       It protects you from cold.
   rPois:     It protects you from poison
 X - the ring of the Centaur {rElec rC+}
   (You found it in an ice cave)

   [ring of protection from cold]

   rC+:       It protects you from cold.
   rElec:     It insulates you from electricity.
Wands
 x - a wand of light (6)
 y - a wand of iceblast (27)
 G - a wand of digging (3)
Scrolls
 f - 16 scrolls of teleportation
 j - 3 scrolls of poison
 B - 9 scrolls of enchant armour
 C - 4 scrolls of blinking
 D - a scroll of enchant weapon
 E - 6 scrolls of fear
 T - 2 scrolls of fog
 U - 2 scrolls of silence {!r}
Potions
 d - 7 potions of ambrosia
 g - 5 potions of heal wounds
 h - 11 potions of curing
 k - 7 potions of might
 o - 9 potions of resistance
 q - 4 potions of magic
 s - 8 potions of mutation {!q}
 t - 5 potions of cancellation
 u - 3 potions of invisibility
 v - 18 potions of attraction
 F - 4 potions of haste
 M - 5 potions of berserk rage {!q}
 O - 11 potions of brilliance
 V - 2 potions of enlightenment
Miscellaneous
 i - a lightning rod (4/4)
 K - a phial of floods


Message History

You see here a +0 robe.
Your hands slow down.
There is an open door here.
A smoke demon comes into view.
You charge forward with an electric crackle!
You barely miss the smoke demon.
You hammer the smoke demon like a gong!!!!
You kill the smoke demon!
Okawaru accepts your kill.
(D) Dungeon (T) Temple (L) Lair (A) Shoals (N) Spider Nest (M) Slime Pits (O) Orcish Mines (E) Elven Halls (V) Vaults (C) Crypt (W) Tomb (U) Depths (H) Hell (Z) Zot
Where to? (Tab/Enter - D:5 @ (x,y), ? - help) Magic restored.
There is a stone staircase leading up here.
You climb upwards.
There is a stone staircase leading down here.
There is a stone staircase leading up here.
You climb upwards.
There is a stone staircase leading down here.
There is a stone staircase leading up here.
You climb upwards.
There is a stone staircase leading down here.
A ynoxinul comes into view.
There is a stone staircase leading up here.
You feel yourself speed up.
The ynoxinul gestures.
You climb upwards.
There is a stone staircase leading down here.
Aiming: Dig
Press: ? - help, Shift-Dir - straight line, f - you Please select a direction to dig.
A stone staircase leading down.
This square is covered in magical glow.
The rock shatters into small pieces.
There is an open door here.
A demonspawn black sun comes into view. It is wielding a +0 glaive.
You hear a chilling moan.
There is a staircase leading out of the dungeon here.
You have escaped!

########### ###...##.## #....
#......# #....#.# #.... #......#
#.##...### #.... #......#
#.####...#####.... ####......#
#.# #............. ..........#
#'# ####..###..... ..........#
##.####.##.###..... .......####
##...#..#'#..###.... .......#
#..@..'.#.##..######
.......########...###...##..####.
.......#.....###'###.....##......
.......#.###.# #.'........#......
..)....#.#.#.###'###.....##......
###......#.#.##.{.###(..#........
..######.#...#..6..'##.###>######
..# #.#...##...##.#'#.......##
..# #.###.###.####.####.##....


You could see a demonspawn black sun.

Vanquished Creatures
  4 dread liches
  An ancient lich (Vaults:5)
  Khufu (Crypt:3)
  An orb of fire (Zot:5)
  Mara (Shoals:3)
  Vv (Crypt:2)
  3 Killer Klowns (Zot:5)
  Saint Roka (Depths:1)
  2 curse toes (Zot:5)
  Xtahua (Vaults:5)
  2 golden dragons
  A profane servitor (Crypt:3)
  The ghost of Camaan the Warrior, an adept DgCj (Depths:4)
  Nikola (Spider:1)
  Norris (Depths:1)
  A shard shrike zombie (Crypt:1)
  Arachne (Spider:4)
  2 bone dragons
  An electric golem (Zot:5)
  A Brimstone Fiend (D:8)
  A pandemonium lord (Depths:1)
  13 tentacled monstrosities
  20 Orb Guardians
  Zenata (Crypt:2)
  A walking crystal tome (Depths:3)
  6 titans
  5 liches
  A walking earthen tome (Depths:4)
  2 quicksilver dragons
  6 acid blobs
  4 death cobs
  4 ancient champions
  A walking frostbound tome (Depths:3)
  7 sphinxes
  6 shadow dragons
  Agnes (D:15)
  5 draconian monks
  8 storm dragons
  15 tengu reavers
  Roxanne (Spider:4)
  Aizul (D:15)
  Ilsuiw (Shoals:2)
  5 azure jellies
  A storm dragon (shapeshifter) (Vaults:5)
  A revenant (Crypt:3)
  3 draconian knights
  The ghost of Puukheko the Impaler, an adept MfGl of Makhleb (Spider:4)
  A rockslime (IceCv)
  6 ghost moths
  2 deep elf sorcerers (Vaults:5)
  3 iron dragons
  5 emperor scorpions (Spider:4)
  8 frost giants
  A balrug (D:10)
  4 draconian scorchers
  13 fire giants
  A draconian shifter (Zot:5)
  Louise (D:15)
  A deep elf elementalist (Elf:1)
  3 ghouls
  4 spectral caustic shrikes (Depths:1)
  A curse skull (Crypt:1)
  13 vault wardens
  3 draconian annihilators
  10 ironbound preservers
  6 quicksilver oozes
  A war gargoyle (Vaults:3)
  6 broodmothers
  4 green draconians
  A reaper (Crypt:1)
  4 formless jellyfish
  13 stone giants
  17 very ugly things
  8 ironbound thunderhulks
  7 vampire knights
  4 dire elephants
  A deep elf annihilator (Vaults:5)
  A deep elf demonologist (Elf:1)
  3 black draconians
  5 purple draconians
  12 spark wasps
  5 white draconians
  5 yellow draconians
  3 eidola (Crypt:2)
  3 red draconians
  A green death (Crypt:1)
  5 ettins
  The ghost of Wurlitzer the Cleaver, a journeyman FoFi of Makhleb (D:13)
  2 mummy priests (Crypt:3)
  17 jiangshi
  6 entropy weavers
  15 yaktaur captains
  6 merfolk javelineers
  4 great orbs of eyes
  3 fire dragons
  4 deep elf death magi
  26 vault guards
  16 merfolk impalers
  A deep elf high priest (Elf:1)
  3 spriggan air magi
  A rakshasa (Depths:1)
  5 hydras
  7 ironbound frosthearts
  6 ogre magi
  5 centaur warriors
  7 ice dragons
  An alligator snapping turtle (Shoals:4)
  14 two-headed ogres
  A spriggan skeleton (Crypt:3)
  22 dancing weapons
  6 death yaks
  5 merfolk aquamancers (Shoals:4)
  2 satyrs
  2 boulder beetles
  2 catoblepae
  4 death knights (Crypt:3)
  5 vampire magi
  2 radroaches (Spider:4)
  A bennu skeleton (Crypt:2)
  8 demonic crawlers
  9 tengu warriors
  11 deep troll earth magi
  12 deep troll shamans
  An orc high priest (Elf:2)
  18 deep elf knights
  3 soul eaters
  3 sun demons (D:10)
  9 skysharks
  A sixfirhy (Depths:2)
  8 iron trolls
  A salamander mystic (Volcano)
  2 goliath frogs
  4 shadow wraiths
  11 pharaoh ants
  28 skeletal warriors
  2 large abominations
  4 glowing orange brains
  46 deep trolls
  11 sea snakes
  A bog body (Crypt:2)
  A sun moth (Spider:4)
  3 flayed ghosts
  2 orange crystal statues (IceCv)
  16 deep elf archers
  A deep troll (shapeshifter) (D:14)
  A steelbarb worm (Spider:4)
  11 lindwurms
  A harpy (shapeshifter) (D:13)
  3 orc knights (Orc:1)
  22 ironbound convokers
  17 orb spiders
  7 phantasmal warriors
  9 wizards
  3 necromancers
  26 deep elf zephyrmancers
  26 deep elf pyromancers
  33 harpies
  34 ugly things
  4 orc sorcerers
  A frost giant zombie (Depths:1)
  A fire giant zombie (Depths:1)
  16 wolf spiders
  A shining eye (D:13)
  5 cyclopes
  12 manticores
  14 moths of wrath
  18 fauns
  5 salamanders (Volcano)
  3 human skeletons
  A toenail golem (D:14)
  10 black mambas
  13 merfolk sirens
  16 elephants
  An orange demon (D:12)
  12 water nymphs
  16 vault sentinels
  7 cane toads
  A storm dragon simulacrum (Depths:1)
  4 torpor snails
  3 gargoyles
  3 smoke demons
  3 unseen horrors
  Maggie (D:8)
  2 hellions
  5 freezing wraiths
  A rime drake (Lair:2)
  A white draconian zombie (Crypt:2)
  A rime drake (shapeshifter) (D:15)
  A sea snake zombie (Crypt:2)
  7 komodo dragons
  3 efreet
  24 yaktaurs
  8 guardian mummies
  2 kobold demonologists
  7 tengu conjurers
  A spectral harpy (Crypt:3)
  6 trolls
  7 meliai
  5 red devils
  2 wind drakes (shapeshifter)
  A harpy zombie (Crypt:3)
  14 wind drakes
  A hellwing (D:12)
  5 polar bears
  31 merfolk
  A tarantella (shapeshifter) (Vaults:5)
  9 hornets
  A hydra skeleton (Crypt:1)
  30 tarantellas
  22 dream sheep
  10 blink frogs
  A meliai zombie (Crypt:1)
  A satyr zombie (Crypt:1)
  22 culicivoras
  15 snapping turtles
  A fire giant simulacrum (Depths:1)
  46 slime creatures
  27 jumping spiders
  Sigmund (D:3)
  43 flying skulls (Crypt:3)
  A centaur simulacrum (D:14)
  9 wraiths
  An elf simulacrum (Vaults:2)
  A spriggan (shapeshifter) (Vaults:5)
  22 water elementals
  6 air elementals
  A satyr skeleton (Crypt:1)
  26 yaks
  A ynoxinul (D:12)
  4 wyverns
  4 shadows
  6 fire bats (Volcano)
  9 basilisks
  43 redbacks
  Grum (Lair:1)
  A redback (shapeshifter) (Crypt:1)
  15 fire elementals
  9 vampire mosquitoes
  3 chaos spawn
  Menkaure (D:4)
  3 wargs
  A naga (shapeshifter) (Elf:1)
  20 water moccasins
  A fire bat skeleton (Crypt:2)
  Duvessa (D:5)
  A merfolk zombie (Crypt:1)
  2 floating eyes
  A meliai simulacrum (D:14)
  22 orc warriors
  5 black bears
  2 ice beasts
  4 boggarts (Vaults:1)
  3 great orb of eyes simulacra (IceCv)
  4 small abominations
  21 wolves
  30 ogres
  18 centaurs
  A snapping turtle skeleton (Crypt:2)
  2 phantoms
  4 slime creature simulacra (IceCv)
  4 kobold brigands
  Blork the orc (D:5)
  2 gnoll sergeants
  8 bullfrogs
  3 earth elementals
  6 necrophages
  A komodo dragon skeleton (Crypt:1)
  4 scorpions
  3 glowing shapeshifter simulacra (IceCv)
  Dowan (D:5)
  17 killer bees
  5 lava snakes (Volcano)
  A shapeshifter skeleton (Crypt:1)
  7 howler monkeys
  2 quasits (D:12)
  2 human zombies
  5 jellies
  A gnoll bouda (D:5)
  8 orc priests
  A hound (D:6)
  2 centaur skeletons
  Jessica (D:2)
  2 sleepcaps (D:6)
  Natasha (D:3)
  5 iguanas
  17 orc wizards
  A hell rat (Crypt:1)
  A tengu zombie (Crypt:2)
  19 mummies
  Robin (D:3)
  14 gnolls
  5 adders
  3 white imps
  3 worms
  3 dart slugs
  57 orcs
  14 endoplasms
  2 giant cockroaches
  17 goblins
  8 hobgoblins
  4 jackals (D:1)
  19 kobolds
  A quokka (D:2)
  7 ball pythons
  5 bats
  7 frilled lizards
  2 gnoll skeletons (Ossuary)
  2 goblin skeletons (Ossuary)
  A kobold skeleton (Ossuary)
  3 orc skeletons (Ossuary)
  A quokka skeleton (Crypt:1)
  4 rats
  11 rat skeletons (Ossuary)
2126 creatures vanquished.

Vanquished Creatures (collateral kills)
  7 boulders
7 creatures vanquished.

Vanquished Creatures (others)
  A dancing weapon (Elf:2)
  2 deep elf knights (Elf:2)
  A sea snake (Shoals:4)
  A wizard (Vaults:3)
  A merfolk (Shoals:4)
  3 orcs
  3 boulders
  4 tentacles (Shoals:3)
16 creatures vanquished.

Grand Total: 2149 creatures vanquished

Notes
Turn   | Place    | Note
-------+----------+-------------------------------------------
     0 | D:1      | elliptic the Gnoll Cinder Acolyte began the quest for the
                  | Orb.
     0 | D:1      | Reached XP level 1. HP: 23/23 MP: 4/4
    37 | D:1      | Found a faded altar of an unknown god.
   191 | D:1      | Reached XP level 2. HP: 24/29 MP: 5/5
   213 | D:1      | Learned a level 2 spell: Scorch
   842 | D:1      | Reached XP level 3. HP: 32/35 MP: 5/7
  1145 | D:2      | Noticed Jessica
  1150 | D:2      | Killed Jessica
  1151 | D:2      | Reached skill level 1 in Short Blades
  1151 | D:2      | Reached skill level 1 in Long Blades
  1151 | D:2      | Reached skill level 1 in Axes
  1151 | D:2      | Reached skill level 1 in Polearms
  1151 | D:2      | Reached skill level 1 in Staves
  1151 | D:2      | Reached skill level 1 in Ranged Weapons
  1151 | D:2      | Reached skill level 1 in Throwing
  1151 | D:2      | Reached skill level 1 in Armour
  1151 | D:2      | Reached skill level 1 in Dodging
  1151 | D:2      | Reached skill level 1 in Stealth
  1151 | D:2      | Reached skill level 1 in Shields
  1151 | D:2      | Reached skill level 1 in Unarmed Combat
  1151 | D:2      | Reached skill level 1 in Invocations
  1151 | D:2      | Reached skill level 1 in Evocations
  1385 | D:2      | Reached XP level 4. HP: 41/41 MP: 8/8
  1431 | D:2      | Reached skill level 1 in Shapeshifting
  1528 | D:2      | Reached skill level 3 in Spellcasting
  1553 | D:2      | Found Makhlux's Assorted Antiques.
  1702 | D:3      | Noticed Sigmund
  1708 | D:3      | Reached skill level 1 in Conjurations
  1708 | D:3      | Reached skill level 1 in Hexes
  1708 | D:3      | Reached skill level 1 in Summonings
  1708 | D:3      | Reached skill level 1 in Necromancy
  1708 | D:3      | Reached skill level 1 in Translocations
  1708 | D:3      | Reached skill level 1 in Transmutations
  1708 | D:3      | Reached skill level 1 in Ice Magic
  1708 | D:3      | Reached skill level 1 in Air Magic
  1708 | D:3      | Reached skill level 1 in Earth Magic
  1708 | D:3      | Reached skill level 1 in Poison Magic
  1710 | D:3      | Killed Sigmund
  1711 | D:3      | Reached XP level 5. HP: 36/47 MP: 0/10
  1711 | D:3      | Reached XP level 6. HP: 40/53 MP: 0/11
  2007 | D:3      | Found a shadowy altar of Dithmenos.
  2016 | D:3      | Noticed Robin
  2055 | D:3      | Killed Robin
  2124 | D:3      | Noticed Natasha
  2129 | D:3      | Killed Natasha
  2523 | D:3      | Found Jeru's Book Shop.
  2701 | D:4      | Found a staircase to the Ecumenical Temple.
  2710 | Temple   | Entered the Ecumenical Temple
  2875 | D:4      | Reached XP level 7. HP: 35/59 MP: 12/12
  3179 | D:4      | Noticed Menkaure
  3184 | D:5      | Entered Level 5 of the Dungeon
  3230 | D:4      | Killed Menkaure
  3285 | D:4      | Found a glowing silver altar of Zin.
  3721 | D:5      | Noticed Duvessa
  3738 | D:5      | Killed Duvessa
  3739 | D:5      | Reached skill level 3 in Invocations
  3789 | D:5      | Reached skill level 6 in Fire Magic
  3789 | D:5      | Reached XP level 8. HP: 43/67 MP: 2/14
  3909 | D:5      | Reached skill level 3 in Short Blades
  3909 | D:5      | Reached skill level 3 in Long Blades
  3909 | D:5      | Reached skill level 3 in Axes
  3909 | D:5      | Reached skill level 3 in Polearms
  3909 | D:5      | Reached skill level 3 in Staves
  3909 | D:5      | Reached skill level 3 in Ranged Weapons
  3909 | D:5      | Reached skill level 3 in Throwing
  3909 | D:5      | Reached skill level 3 in Armour
  3909 | D:5      | Reached skill level 3 in Dodging
  3909 | D:5      | Reached skill level 3 in Stealth
  3909 | D:5      | Reached skill level 3 in Shields
  3909 | D:5      | Reached skill level 3 in Unarmed Combat
  3909 | D:5      | Reached skill level 3 in Evocations
  3967 | D:5      | Noticed Dowan
  3970 | D:5      | Killed Dowan
  4051 | D:5      | Found a bloodstained altar of Trog.
  4241 | D:2      | Bought a pair of pitted boots for 209 gold pieces
  4241 | D:2      | Identified the +0 pair of boots of Sloth {+Inv rPois} (You
                  | bought it in a shop on level 2 of the Dungeon)
  4363 | D:5      | Noticed Blork the orc
  4369 | D:5      | Killed Blork the orc
  4370 | D:5      | Reached skill level 3 in Shapeshifting
  4721 | D:6      | Found a burning altar of Makhleb.
  4822 | D:6      | Reached skill level 3 in Conjurations
  4822 | D:6      | Reached skill level 3 in Hexes
  4822 | D:6      | Reached skill level 3 in Summonings
  4822 | D:6      | Reached skill level 3 in Necromancy
  4822 | D:6      | Reached skill level 3 in Translocations
  4822 | D:6      | Reached skill level 3 in Transmutations
  4822 | D:6      | Reached skill level 3 in Ice Magic
  4822 | D:6      | Reached skill level 3 in Air Magic
  4822 | D:6      | Reached skill level 3 in Earth Magic
  4822 | D:6      | Reached skill level 3 in Poison Magic
  4915 | D:6      | Identified the +7 arbalest "Doewk" {heavy, rC- Dex+8}
  4916 | D:6      | well
  5021 | D:6      | Reached XP level 9. HP: 50/73 MP: 16/16
  5686 | D:7      | Found a sand-covered staircase.
  5706 | Ossuary  | Entered an ossuary
  6480 | D:8      | Found an iron altar of Okawaru.
  6682 | D:8      | Reached XP level 10. HP: 43/80 MP: 18/18
  6980 | D:8      | Noticed an elephant
  7005 | D:8      | Killed an elephant
  7007 | D:8      | Reached skill level 6 in Spellcasting
  7024 | D:8      | Found a staircase to the Lair.
  7091 | D:8      | Noticed Maggie
  7550 | D:9      | Reached skill level 6 in Invocations
  7562 | D:9      | Found a radiant altar of Vehumet.
  7697 | D:9      | Found a viscous altar of Jiyva.
  7893 | D:9      | Found Favuni's Distillery.
  7974 | D:9      | Bought a potion of heal wounds for 70 gold pieces
  7974 | D:9      | Bought a potion of heal wounds for 70 gold pieces
  8125 | D:2      | Bought a murky grey potion for 19 gold pieces
  8125 | D:2      | Bought a potion of heal wounds for 110 gold pieces
  8288 | D:10     | Entered Level 10 of the Dungeon
  8288 | D:10     | Noticed a two-headed ogre
  8291 | D:10     | Killed a two-headed ogre
  8718 | D:10     | Found a staircase to the Orcish Mines.
  8744 | D:10     | Found Ali Heirafi's Antique Weapon Boutique.
  8903 | D:10     | Killed an unseen horror
  8904 | D:10     | Reached XP level 11. HP: 87/87 MP: 20/20
  9174 | D:11     | Reached skill level 9 in Fighting
  9174 | D:11     | Reached skill level 6 in Short Blades
  9174 | D:11     | Reached skill level 6 in Long Blades
  9174 | D:11     | Reached skill level 6 in Axes
  9174 | D:11     | Reached skill level 9 in Maces & Flails
  9174 | D:11     | Reached skill level 6 in Polearms
  9174 | D:11     | Reached skill level 6 in Staves
  9174 | D:11     | Reached skill level 6 in Ranged Weapons
  9174 | D:11     | Reached skill level 6 in Throwing
  9174 | D:11     | Reached skill level 6 in Armour
  9174 | D:11     | Reached skill level 6 in Dodging
  9174 | D:11     | Reached skill level 6 in Stealth
  9174 | D:11     | Reached skill level 6 in Shields
  9174 | D:11     | Reached skill level 6 in Unarmed Combat
  9174 | D:11     | Reached skill level 6 in Evocations
  9288 | D:11     | Found Neazxu Luerch's Jewellery Boutique.
  9324 | D:11     | Identified the +4 trident of Defiance {freeze, rElec Str+4
                  | Int+2 Dex+4}
  9724 | D:11     | Found a portal to a secret trove of treasure.
  9843 | D:11     | Identified the +3 flail "Orb Guardian's Death" {heavy,
                  | Int+4 Dex+2}
  9948 | D:12     | Found a stormy altar of Qazlal.
 10063 | D:12     | Noticed a soul eater
 10114 | D:12     | oh
 10244 | Lair:1   | Entered Level 1 of the Lair of Beasts
 10306 | Lair:1   | Noticed Grum
 10312 | Lair:1   | Killed Grum
 10356 | Lair:1   | Reached skill level 6 in Shapeshifting
 11068 | Lair:2   | Noticed a seven-headed hydra
 11072 | Lair:2   | Killed a seven-headed hydra
 11114 | Lair:2   | Reached XP level 12. HP: 96/96 MP: 23/23
 11356 | Lair:2   | Reached skill level 6 in Conjurations
 11356 | Lair:2   | Reached skill level 6 in Hexes
 11356 | Lair:2   | Reached skill level 6 in Summonings
 11356 | Lair:2   | Reached skill level 6 in Necromancy
 11356 | Lair:2   | Reached skill level 6 in Translocations
 11356 | Lair:2   | Reached skill level 6 in Transmutations
 11356 | Lair:2   | Reached skill level 6 in Ice Magic
 11356 | Lair:2   | Reached skill level 6 in Air Magic
 11356 | Lair:2   | Reached skill level 6 in Earth Magic
 11356 | Lair:2   | Reached skill level 6 in Poison Magic
 11469 | Lair:2   | Noticed an eight-headed hydra
 11472 | Lair:2   | Killed an eight-headed hydra
 11499 | Lair:2   | I should probably abandon
 11586 | D:8      | Fell from the grace of Ignis
 11586 | D:8      | Became a worshipper of Warmaster Okawaru
 12341 | Lair:3   | Reached * piety under Okawaru
 12363 | Lair:3   | Found a dark tunnel.
 12370 | Volcano  | Entered a volcano
 12492 | Volcano  | Noticed a hell knight
 12497 | Volcano  | Found a burning altar of Makhleb.
 12505 | Volcano  | hm
 12506 | Volcano  | Reached ** piety under Okawaru
 12513 | Volcano  | a hell knight changed into a wind drake
 12711 | Lair:3   | Reached XP level 13. HP: 104/104 MP: 25/25
 12756 | Lair:3   | Reached *** piety under Okawaru
 12888 | Lair:3   | hi
 12944 | Lair:3   | Reached skill level 9 in Invocations
 13086 | Lair:3   | Found a staircase to the Shoals.
 13519 | Lair:3   | Found a hole to the Spider Nest.
 13741 | Lair:4   | Reached skill level 9 in Fire Magic
 13905 | Lair:4   | Reached skill level 9 in Spellcasting
 13956 | Lair:4   | Reached **** piety under Okawaru
 14006 | Lair:4   | Found a runed translucent door.
 14007 | Lair:4   | Found a viscous altar of Jiyva.
 14124 | Lair:5   | Entered Level 5 of the Lair of Beasts
 14125 | Lair:5   | good shaft
 14235 | Lair:4   | Received a gift from Okawaru
 14432 | Lair:5   | Was forgiven by Ignis
 14603 | Lair:4   | Found a staircase to the Slime Pits.
 14706 | Lair:5   | Reached ***** piety under Okawaru
 14772 | Lair:5   | hm
 14777 | Lair:5   | Noticed a dire elephant
 14778 | Lair:5   | sigh
 14896 | Lair:5   | hm
 14896 | Lair:5   | Received a gift from Okawaru
 15002 | Lair:5   | Reached skill level 9 in Short Blades
 15002 | Lair:5   | Reached skill level 9 in Long Blades
 15002 | Lair:5   | Reached skill level 9 in Axes
 15002 | Lair:5   | Reached skill level 9 in Polearms
 15002 | Lair:5   | Reached skill level 9 in Staves
 15002 | Lair:5   | Reached skill level 9 in Ranged Weapons
 15002 | Lair:5   | Reached skill level 9 in Throwing
 15002 | Lair:5   | Reached skill level 9 in Armour
 15002 | Lair:5   | Reached skill level 9 in Dodging
 15002 | Lair:5   | Reached skill level 9 in Stealth
 15002 | Lair:5   | Reached skill level 9 in Shields
 15002 | Lair:5   | Reached skill level 9 in Unarmed Combat
 15002 | Lair:5   | Reached skill level 9 in Evocations
 15002 | Lair:5   | Reached XP level 14. HP: 113/113 MP: 27/27
 15221 | Lair:5   | Received a gift from Okawaru
 15627 | Lair:5   | Identified the +0 ring mail of Negation {+Blink Int+2 Dex+2
                  | Slay+3} (Okawaru gifted it to you on level 5 of the Lair of
                  | Beasts)
 15627 | Lair:5   | Received a gift from Okawaru
 15888 | Lair:5   | Killed a dire elephant
 16485 | D:12     | meh
 16491 | D:12     | sigh
 16802 | Orc:1    | Entered Level 1 of the Orcish Mines
 17169 | Orc:1    | hi
 17197 | Orc:1    | Received a gift from Okawaru
 17465 | Orc:2    | Entered Level 2 of the Orcish Mines
 17466 | Orc:2    | Found Mananeri's Antique Weapon Emporium.
 17484 | Orc:2    | Reached skill level 9 in Shapeshifting
 17504 | Orc:2    | Found a bloodstained altar of Trog.
 17533 | Orc:2    | Found a staircase to the Elven Halls.
 17546 | Orc:2    | Received a gift from Okawaru
 17600 | Orc:2    | Paralysed by something for 3 turns
 17604 | Orc:2    | Reached XP level 15. HP: 116/120 MP: 29/29
 17646 | Orc:2    | Paralysed by an ogre mage for 3 turns
 17742 | Orc:2    | Reached skill level 12 in Fighting
 17742 | Orc:2    | Reached skill level 12 in Maces & Flails
 17749 | Orc:2    | Received a gift from Okawaru
 17755 | Orc:2    | Found Sadem Xeavy's Antique Weapon Boutique.
 17755 | Orc:2    | Found Xuyxzuczo's Distillery.
 17759 | Orc:2    | Found Xiaghib's Assorted Antiques.
 17759 | Orc:2    | Found Afuseo's Armour Shop.
 18216 | Orc:2    | Bought a potion of heal wounds for 60 gold pieces
 18216 | Orc:2    | Bought a potion of resistance for 120 gold pieces
 18277 | D:10     | Bought a pitted rapier for 261 gold pieces
 18277 | D:10     | Identified the +7 rapier "Toaloli" {venom, rPois rC++ Will+
                  | Stlth-} (You bought it in a shop on level 10 of the
                  | Dungeon)
 18370 | D:13     | Received a gift from Okawaru
 18518 | D:13     | Upgraded the game from 0.31-a0-765-g67fe2935dc to
                  | 0.31-a0-771-g505c3d19dc
 18582 | D:13     | Found a runed translucent gate.
 18582 | D:13     | Found a runed translucent gate.
 18582 | D:13     | Found a runed translucent gate.
 18582 | D:13     | Noticed an azure jelly
 18582 | D:13     | Noticed an acid blob
 18587 | D:13     | Noticed an azure jelly
 18587 | D:13     | Noticed an acid blob
 18588 | D:13     | Noticed an acid blob
 18589 | D:13     | Noticed Wurlitzer's ghost (journeyman FoFi)
 18589 | D:13     | Noticed an acid blob
 18589 | D:13     | Noticed an acid blob
 18590 | D:13     | Noticed an azure jelly
 18590 | D:13     | Noticed an acid blob
 18633 | D:13     | Found a gate to the Vaults.
 18838 | D:13     | Found a viscous altar of Jiyva.
 18849 | D:14     | Received a gift from Okawaru
 18859 | D:14     | Found Liomaduq's Weapon Emporium.
 19005 | D:14     | Received a gift from Okawaru
 19101 | D:14     | Found a sacrificial altar of Ru.
 19106 | D:14     | Found the +8 arc blade {discharge, rElec}
 19792 | D:15     | Entered Level 15 of the Dungeon
 19811 | D:15     | Noticed Agnes
 19812 | D:15     | Noticed Louise
 19824 | D:15     | Killed Agnes
 19833 | D:15     | Received a gift from Okawaru
 19845 | D:15     | Killed Louise
 20000 | D:15     | Found Fiex's Antique Weapon Emporium.
 20028 | D:15     | Received a gift from Okawaru
 20050 | D:15     | Reached skill level 9 in Conjurations
 20050 | D:15     | Reached skill level 9 in Hexes
 20050 | D:15     | Reached skill level 9 in Summonings
 20050 | D:15     | Reached skill level 9 in Necromancy
 20050 | D:15     | Reached skill level 9 in Translocations
 20050 | D:15     | Reached skill level 9 in Transmutations
 20050 | D:15     | Reached skill level 9 in Ice Magic
 20050 | D:15     | Reached skill level 9 in Air Magic
 20050 | D:15     | Reached skill level 9 in Earth Magic
 20050 | D:15     | Reached skill level 9 in Poison Magic
 20217 | D:15     | Found a staircase to the Depths.
 20531 | D:15     | Found a glowing golden altar of the Shining One.
 20579 | D:15     | Reached XP level 16. HP: 124/129 MP: 31/31
 21295 | Lair:3   | Learned a level 4 spell: Vhi's Electric Charge
 21299 | Spider:1 | Entered Level 1 of the Spider Nest
 21630 | Spider:1 | Noticed Nikola
 21685 | Spider:1 | Killed Nikola
 21691 | Spider:1 | Received a gift from Okawaru
 22014 | Spider:2 | Reached skill level 12 in Invocations
 22094 | Spider:2 | Received a gift from Okawaru
 22285 | Spider:2 | Received a gift from Okawaru
 22373 | Spider:2 | Learned a level 2 spell: Blink
 23395 | Spider:3 | Identified the +1 buckler "Emaxuulo" {rElec rC+ Int+6}
                  | (Okawaru gifted it to you on level 3 of the Spider Nest)
 23395 | Spider:3 | Received a gift from Okawaru
 23811 | Spider:3 | Learned a level 4 spell: Dispel Undead
 23902 | Spider:4 | Entered Level 4 of the Spider Nest
 23952 | Spider:4 | Reached XP level 17. HP: 130/136 MP: 32/32
 24111 | Spider:4 | Noticed Roxanne
 24265 | Spider:4 | Reached skill level 12 in Spellcasting
 24380 | Spider:4 | Found a transporter.
 24382 | Spider:4 | Noticed Arachne
 24401 | Spider:4 | Noticed Puukheko's ghost (adept MfGl)
 24459 | Spider:4 | Found a transporter.
 24595 | Spider:4 | Identified the scarf "Xinag" {+Inv, rElec rN+} (Okawaru
                  | gifted it to you on level 4 of the Spider Nest)
 24595 | Spider:4 | Received a gift from Okawaru
 25358 | Spider:4 | Reached skill level 12 in Short Blades
 25358 | Spider:4 | Reached skill level 12 in Long Blades
 25358 | Spider:4 | Reached skill level 12 in Axes
 25358 | Spider:4 | Reached skill level 12 in Polearms
 25358 | Spider:4 | Reached skill level 12 in Staves
 25358 | Spider:4 | Reached skill level 12 in Ranged Weapons
 25358 | Spider:4 | Reached skill level 12 in Throwing
 25358 | Spider:4 | Reached skill level 12 in Armour
 25358 | Spider:4 | Reached skill level 12 in Dodging
 25358 | Spider:4 | Reached skill level 12 in Stealth
 25358 | Spider:4 | Reached skill level 12 in Shields
 25358 | Spider:4 | Reached skill level 12 in Unarmed Combat
 25358 | Spider:4 | Reached skill level 12 in Evocations
 25373 | Spider:4 | Got a gossamer rune of Zot
 25607 | Shoals:1 | Entered Level 1 of the Shoals
 26175 | Shoals:1 | Received a gift from Okawaru
 26436 | Shoals:2 | Identified the +9 hand axe of Watchfulness {elec, rPois rF+
                  | rC+}
 26582 | Shoals:2 | Received a gift from Okawaru
 26683 | Shoals:2 | Reached XP level 18. HP: 145/145 MP: 34/34
 27030 | Shoals:2 | Noticed Ilsuiw
 27031 | Shoals:2 | oh
 27068 | Shoals:2 | Killed Ilsuiw
 27504 | Shoals:3 | Noticed Mara
 27556 | Shoals:3 | Noticed elliptic's illusion
 27685 | Shoals:3 | sigh
 27691 | Shoals:3 | oh that wasn't the real one
 27692 | Shoals:3 | Noticed elliptic's illusion
 27732 | Shoals:3 | Noticed elliptic's illusion
 27733 | Shoals:3 | why
 27741 | Shoals:3 | Killed Mara
 27742 | Shoals:3 | HP: 23/146 [tentacle[a kraken] (16)]
 27747 | Shoals:3 | HP: 15/146 [poisoned by Mara]
 28028 | Shoals:3 | Found Vushres's General Store.
 28160 | Shoals:3 | Reached skill level 12 in Fire Magic
 28534 | Shoals:4 | Entered Level 4 of the Shoals
 28638 | Shoals:4 | Paralysed by an air elemental for 1 turns
 28845 | Shoals:4 | Paralysed by an air elemental for 1 turns
 29023 | Shoals:4 | Received a gift from Okawaru
 29455 | Shoals:4 | Received a gift from Okawaru
 29945 | Shoals:4 | Received a gift from Okawaru
 29946 | Shoals:4 | Reached skill level 12 in Shapeshifting
 29946 | Shoals:4 | Reached XP level 19. HP: 151/153 MP: 36/36
 29997 | Shoals:4 | Paralysed by an air elemental for 1 turns
 30158 | Shoals:4 | Identified the +10 morningstar of Hepliaklqana's Favour
                  | {elec, rC- Str+2 Int+2}
 30169 | Shoals:4 | Received a gift from Okawaru
 30277 | Shoals:4 | Identified the +9 crystal plate armour of the Tundras {rF-
                  | Str+4 Int+3} (Okawaru gifted it to you on level 4 of the
                  | Shoals)
 30277 | Shoals:4 | Received a gift from Okawaru
 30334 | Shoals:4 | Got a barnacled rune of Zot
 30552 | Shoals:4 | Paralysed by an air elemental for 1 turns
 30605 | Shoals:4 | Learned a level 1 spell: Apportation
 30609 | Shoals:4 | Learned a level 3 spell: Swiftness
 30938 | D:13     | oh right
 31070 | Elf:1    | Entered Level 1 of the Elven Halls
 31070 | Elf:1    | Found Zasuf's Jewellery Shop.
 31094 | Elf:1    | Found Nagut's Weapon Shoppe.
 31143 | Elf:1    | Gained mutation: You are strong-willed. (Will+) [potion of
                  | mutation]
 31168 | Elf:1    | Found Wodebos's Weapon Shoppe.
 31444 | Elf:1    | Paralysed by an air elemental for 1 turns
 31449 | Elf:1    | Paralysed by an air elemental for 1 turns
 31746 | Elf:1    | Found Elakk's Neck Hole.
 31804 | Elf:1    | w
 31804 | Elf:1    | ow
 31987 | Elf:1    | Found Balou's Book Boutique.
 32103 | Elf:1    | Acquired 797 gold pieces
 33857 | Elf:2    | Received a gift from Okawaru
 33960 | Elf:2    | Found a runed translucent gate.
 33962 | Elf:2    | Found a runed translucent gate.
 33967 | Elf:2    | Found a runed translucent gate.
 34168 | Elf:2    | Reached skill level 15 in Fighting
 34168 | Elf:2    | Reached skill level 15 in Maces & Flails
 34178 | Elf:2    | maybe should maul honestly
 34419 | Elf:2    | Reached XP level 20. HP: 154/162 MP: 30/37
 34423 | Elf:2    | Received a gift from Okawaru
 34778 | Elf:3    | Entered Level 3 of the Elven Halls
 34808 | Elf:3    | Found a frozen archway.
 35038 | IceCv    | Entered an ice cave
 35132 | IceCv    | Received a gift from Okawaru
 35133 | IceCv    | Reached skill level 15 in Invocations
 35341 | IceCv    | Got the ring "Nidiemnutt" {Ice rCorr MP+9 Int+5 Dex-4}
 35669 | IceCv    | Found a viscous altar of Jiyva.
 35793 | IceCv    | Got the ring of the Centaur {rElec rC+}
 35803 | IceCv    | Got the ring of Greater Demons {rPois rC+}
 35812 | IceCv    | Got the ring "Woasch" {rPois rC+ Str+5 Dex+3}
 36484 | Vaults:1 | Entered Level 1 of the Vaults
 36727 | Vaults:1 | Received a gift from Okawaru
 36971 | Vaults:1 | Reached skill level 12 in Conjurations
 36971 | Vaults:1 | Reached skill level 12 in Hexes
 36971 | Vaults:1 | Reached skill level 12 in Summonings
 36971 | Vaults:1 | Reached skill level 12 in Necromancy
 36971 | Vaults:1 | Reached skill level 12 in Translocations
 36971 | Vaults:1 | Reached skill level 12 in Transmutations
 36971 | Vaults:1 | Reached skill level 12 in Ice Magic
 36971 | Vaults:1 | Reached skill level 12 in Air Magic
 36971 | Vaults:1 | Reached skill level 12 in Earth Magic
 36971 | Vaults:1 | Reached skill level 12 in Poison Magic
 37765 | Vaults:1 | Paralysed by a formless jellyfish for 1 turns
 37771 | Vaults:1 | Paralysed by a formless jellyfish for 1 turns
 38130 | Vaults:2 | Found a staircase to the Crypt.
 38146 | Vaults:2 | Found Meajawomn's Book Emporium.
 38280 | Vaults:2 | Received a gift from Okawaru
 38397 | Vaults:2 | Reached XP level 21. HP: 169/169 MP: 39/39
 38606 | Vaults:2 | Identified the +0 pair of boots of Chimes {rN+ Will- Str+2
                  | Int+2} (Okawaru gifted it to you on level 2 of the Vaults)
 38606 | Vaults:2 | Received a gift from Okawaru
 38660 | Vaults:2 | Identified the +0 storm dragon scales of Wemonn {rElec rC++
                  | rCorr Int-2 SInv}
 39611 | Vaults:3 | Identified the +2 short sword "Ogre's Bane" {vamp, rC+
                  | Str+3}
 39987 | Abyss:2  | Cast into level 2 of the Abyss (a wizard)
 39988 | Abyss:2  | sigh
 40017 | Vaults:3 | Escaped the Abyss
 40172 | Vaults:3 | Reached skill level 15 in Spellcasting
 40528 | Vaults:3 | Received a gift from Okawaru
 40646 | Vaults:4 | Identified the +3 robe "Luylosm" {rPois Regen+ Int+5}
 41358 | Vaults:4 | Learned a level 4 spell: Brom's Barrelling Boulder
 41363 | Vaults:4 | Learned a level 4 spell: Passage of Golubria
 41648 | Vaults:4 | sigh
 42072 | Crypt:1  | Entered Level 1 of the Crypt
 42183 | Crypt:1  | Found a runed translucent gate.
 42184 | Crypt:1  | Found a runed translucent gate.
 42185 | Crypt:1  | Found a runed translucent gate.
 42233 | Crypt:1  | Reached skill level 15 in Short Blades
 42233 | Crypt:1  | Reached skill level 15 in Long Blades
 42233 | Crypt:1  | Reached skill level 15 in Axes
 42233 | Crypt:1  | Reached skill level 15 in Polearms
 42233 | Crypt:1  | Reached skill level 15 in Staves
 42233 | Crypt:1  | Reached skill level 15 in Ranged Weapons
 42233 | Crypt:1  | Reached skill level 15 in Throwing
 42233 | Crypt:1  | Reached skill level 15 in Armour
 42233 | Crypt:1  | Reached skill level 15 in Dodging
 42233 | Crypt:1  | Reached skill level 15 in Stealth
 42233 | Crypt:1  | Reached skill level 15 in Shields
 42233 | Crypt:1  | Reached skill level 15 in Unarmed Combat
 42233 | Crypt:1  | Reached skill level 15 in Evocations
 42294 | Crypt:1  | Reached XP level 22. HP: 173/175 MP: 41/41
 42325 | Crypt:1  | Found a basalt altar of Yredelemnul.
 42731 | Crypt:1  | hm
 42745 | Crypt:1  | meh
 42793 | Crypt:1  | Acquired the ring "Xyutzuff" {EV+5 Str+3 Int-2 SInv}
 42841 | Crypt:2  | Noticed Zenata
 42848 | Crypt:2  | Killed Zenata
 42848 | Crypt:2  | Received a gift from Okawaru
 43003 | Crypt:2  | Received a gift from Okawaru
 43305 | Crypt:2  | Noticed Vv
 43313 | Crypt:2  | Killed Vv
 43596 | Crypt:3  | Entered Level 3 of the Crypt
 43646 | Crypt:3  | Received a gift from Okawaru
 43921 | Crypt:3  | Found an ancient bone altar of Kikubaaqudgha.
 43931 | Crypt:3  | Received a gift from Okawaru
 43994 | Crypt:3  | Received a gift from Okawaru
 44129 | Crypt:3  | ow why
 44140 | Crypt:3  | HP: 34/180 [jiangshi (12)]
 44141 | Crypt:3  | why
 44147 | Crypt:3  | HP: 31/180 [jiangshi (16)]
 44149 | Crypt:3  | I have never had such an issue with jiangshi with this much
                  | AC, I'm super confused
 44447 | Crypt:3  | why
 44469 | Crypt:3  | Noticed a profane servitor
 44477 | Crypt:3  | Killed a profane servitor
 44477 | Crypt:3  | Received a gift from Okawaru
 44603 | Crypt:3  | Found the +6 Majin-Bo {spellvamp, MP+6 Int+6}
 44626 | Crypt:3  | Identified the amulet "Verghaf" {RegenMP Will+ Slay+3}
 44924 | Crypt:3  | Found a staircase to the Tomb.
 44924 | Crypt:3  | Noticed Khufu
 44925 | Crypt:3  | sigh
 44927 | Crypt:3  | Killed Khufu
 45155 | Crypt:3  | Identified the ring "Ynnaeb" {rN+ Int+5}
 45155 | Crypt:3  | Identified the ring "Siusaegaiz" {rN+ Will+ Str+5}
 45470 | Depths:1 | Entered Level 1 of the Depths
 45483 | Depths:1 | Noticed Aizul
 45490 | D:15     | Killed Aizul
 45491 | D:15     | Reached XP level 23. HP: 170/186 MP: 39/42
 45606 | Depths:1 | Found a one-way gate to the infinite horrors of the Abyss.
 45642 | Depths:1 | Found a transporter.
 45642 | Depths:1 | Noticed Aneyh's ghost (journeyman TeMo)
 45734 | Depths:1 | Noticed a caustic shrike
 45737 | Depths:1 | Noticed a caustic shrike
 45817 | Depths:2 | Found Hefucoqa's Book Shoppe.
 45897 | Depths:1 | Found a gateway to Hell.
 45900 | Depths:1 | meh
 46190 | Depths:2 | Found a one-way gate leading to the halls of Pandemonium.
 46191 | Depths:2 | Received a gift from Okawaru
 46260 | Depths:2 | Found an ornate altar of the Wu Jian Council.
 46737 | Depths:1 | Noticed Saint Roka
 46751 | Depths:1 | Killed Saint Roka
 46954 | Depths:1 | Found a transporter.
 47030 | Depths:1 | Noticed Norris
 47040 | Depths:1 | Killed Norris
 47277 | Depths:1 | uh
 47321 | Depths:3 | Received a gift from Okawaru
 47897 | Depths:3 | Identified the scarf of Axohas {+Inv, -Tele rC++ Int+2
                  | Dex+3} (Okawaru gifted it to you on level 3 of the Depths)
 47897 | Depths:3 | Received a gift from Okawaru
 47928 | Depths:3 | Found a corrupted altar of Lugonu.
 47938 | Depths:3 | Found a one-way gateway to a ziggurat.
 48191 | Depths:3 | Reached skill level 15 in Shapeshifting
 48251 | Depths:3 | Noticed a golden dragon
 48259 | Depths:3 | Killed a golden dragon
 48266 | Depths:3 | Reached XP level 24. HP: 165/195 MP: 37/43
 48342 | Depths:3 | Identified the ring "Wuteymech" {Fire *Corrode rElec rPois
                  | rN+}
 48836 | Elf:1    | Bought a scarf of resistance for 608 gold pieces
 48858 | Elf:1    | Learned a level 5 spell: Borgnjor's Vile Clutch
 49168 | Depths:4 | Entered Level 4 of the Depths
 49482 | Depths:4 | Reached skill level 15 in Fire Magic
 49642 | Depths:4 | Received a gift from Okawaru
 49776 | Depths:4 | Found a gate to the Realm of Zot.
 49856 | Depths:4 | Found a runed translucent door.
 49876 | Depths:4 | Reached skill level 18 in Invocations
 50024 | Depths:4 | Received a gift from Okawaru
 50141 | Depths:4 | Noticed Camaan's ghost (adept DgCj)
 50263 | Depths:4 | Killed Camaan's ghost
 50270 | Depths:4 | Identified the +7 battleaxe of the Foot {flame, rElec
                  | rPois}
 50340 | Depths:1 | this really looks like a bad idea :(
 50459 | D:13     | why
 50459 | D:13     | I guess I really should be able to do this
 50637 | D:13     | Received a gift from Okawaru
 50640 | D:13     | Killed Wurlitzer's ghost
 50835 | D:8      | Killed Maggie
 51072 | Spider:4 | Killed Roxanne
 51124 | Spider:4 | Killed Puukheko's ghost
 51254 | Spider:4 | Killed Arachne
 51799 | Vaults:5 | Entered Level 5 of the Vaults
 51812 | Vaults:5 | Received a gift from Okawaru
 51845 | Vaults:5 | Found the +8 whip "Snakebite" {venom, curare, rPois}
 51908 | Vaults:5 | Identified the +10 crystal plate armour of Wudayr {rC-
                  | Str+8}
 52042 | Vaults:5 | Reached skill level 18 in Fighting
 52042 | Vaults:5 | Reached skill level 18 in Maces & Flails
 52085 | Vaults:5 | Noticed an ancient lich
 52089 | Vaults:5 | Killed an ancient lich
 52101 | Vaults:5 | Reached XP level 25. HP: 173/204 MP: 22/44
 52112 | Vaults:5 | Noticed a dread lich
 52114 | Vaults:5 | Killed a dread lich
 52121 | Vaults:5 | Found Ajeemadd's Distillery.
 52131 | Vaults:5 | Found Leqephef's Magic Scroll Shoppe.
 52142 | Vaults:5 | Found Leojyff's Distillery.
 52146 | Vaults:5 | Bought a potion of heal wounds for 80 gold pieces
 52146 | Vaults:5 | Bought a potion of heal wounds for 80 gold pieces
 52153 | Vaults:5 | Bought a potion of heal wounds for 50 gold pieces
 52333 | Vaults:5 | Found Riowoar's Armour Emporium.
 52516 | Vaults:5 | Received a gift from Okawaru
 52541 | Vaults:5 | Noticed Xtahua
 52555 | Vaults:5 | Killed Xtahua
 52583 | Vaults:5 | Got a worn
 52595 | Vaults:5 | Reached skill level 18 in Dodging
 52994 | Vaults:5 | Identified the +8 dagger of Nuosyuq {freeze, rElec rC+
                  | Will+}
 53096 | Vaults:5 | Got a silver rune of Zot
 53410 | Vaults:5 | Bought a scroll of acquirement for 728 gold pieces
 53410 | Vaults:5 | Acquired 846 gold pieces
 53412 | Vaults:5 | Bought a scroll of fear for 56 gold pieces
 53412 | Vaults:5 | Bought 3 scrolls of teleportation for 126 gold pieces
 53412 | Vaults:5 | Bought a scroll of enchant armour for 105 gold pieces
 53412 | Vaults:5 | Bought a scroll of teleportation for 42 gold pieces
 53423 | Vaults:5 | Bought a potion of curing for 30 gold pieces
 53423 | Vaults:5 | Bought 2 potions of curing for 60 gold pieces
 53423 | Vaults:5 | Bought 2 potions of ambrosia for 160 gold pieces
 53423 | Vaults:5 | Bought a potion of mutation for 80 gold pieces
 53423 | Vaults:5 | Bought a potion of magic for 80 gold pieces
 53423 | Vaults:5 | Bought a potion of curing for 30 gold pieces
 53423 | Vaults:5 | Bought a potion of cancellation for 80 gold pieces
 53423 | Vaults:5 | Bought 2 potions of resistance for 200 gold pieces
 53430 | Vaults:5 | Bought a potion of curing for 48 gold pieces
 53430 | Vaults:5 | Bought a potion of curing for 48 gold pieces
 53430 | Vaults:5 | Bought a potion of curing for 48 gold pieces
 53430 | Vaults:5 | Bought a potion of curing for 48 gold pieces
 53430 | Vaults:5 | Bought a potion of haste for 160 gold pieces
 53670 | D:9      | Bought a potion of might for 56 gold pieces
 53670 | D:9      | Bought a potion of berserk rage for 70 gold pieces
 53670 | D:9      | Bought a potion of cancellation for 112 gold pieces
 53670 | D:9      | Bought a potion of ambrosia for 112 gold pieces
 53764 | Orc:2    | Bought a potion of magic for 96 gold pieces
 53764 | Orc:2    | Bought 2 potions of curing for 72 gold pieces
 53764 | Orc:2    | Bought a potion of might for 48 gold pieces
 53764 | Orc:2    | Bought a potion of enlightenment for 60 gold pieces
 53764 | Orc:2    | Bought a potion of might for 48 gold pieces
 53765 | Orc:2    | Bought a potion of berserk rage for 95 gold pieces
 53765 | Orc:2    | Bought a potion of cancellation for 152 gold pieces
 54056 | Shoals:3 | Bought a potion of haste for 140 gold pieces
 54056 | Shoals:3 | Bought a scroll of fog for 56 gold pieces
 54344 | D:11     | You paid a toll of 9 potions of haste to enter a treasure
                  | trove
 54345 | Trove    | Entered a treasure trove
 54352 | Trove    | Identified the +7 chain mail "Kiefrix" {Will+ SInv}
 54355 | Trove    | Identified the +3 pair of boots "Sonwion" {rC++ Dex-5
                  | Stlth+}
 54358 | Trove    | Identified the +0 leather armour of Lucidity {Int+5}
 54361 | Trove    | Identified the +2 cloak "Pefariur" {rC+ Will+ MP+9}
 54363 | Trove    | Identified the +0 plate armour of Myrar {Rampage}
 54368 | Trove    | Identified the +1 hat "Xutaufok" {Dex+4}
 54369 | Trove    | Identified the +3 pair of boots of Cotut {rN+ Int+6 Stlth-}
 54624 | Zot:1    | Entered Level 1 of the Realm of Zot
 54682 | Zot:2    | Acquired the +1 pair of gloves "Fumy" {Contam rElec Dex+5}
 54703 | Zot:2    | hm
 54705 | Zot:2    | okay
 54706 | Zot:2    | HP: 31/205 [tentacled monstrosity (13)]
 54707 | Zot:2    | this might be bad
 54708 | Zot:2    | still might be bad honestly
 54709 | Zot:2    | ugh
 54714 | Zot:2    | okay
 54991 | Zot:5    | Entered Level 5 of the Realm of Zot
 55023 | Zot:5    | hm
 55040 | Zot:5    | Received a gift from Okawaru
 55432 | Zot:5    | why
 55458 | Zot:5    | Received a gift from Okawaru
 55462 | Zot:5    | hm
 55466 | Zot:5    | Reached skill level 15 in Conjurations
 55466 | Zot:5    | Reached skill level 15 in Hexes
 55466 | Zot:5    | Reached skill level 15 in Summonings
 55466 | Zot:5    | Reached skill level 15 in Necromancy
 55466 | Zot:5    | Reached skill level 15 in Translocations
 55466 | Zot:5    | Reached skill level 15 in Transmutations
 55466 | Zot:5    | Reached skill level 15 in Ice Magic
 55466 | Zot:5    | Reached skill level 15 in Air Magic
 55466 | Zot:5    | Reached skill level 15 in Earth Magic
 55466 | Zot:5    | Reached skill level 15 in Poison Magic
 55645 | Zot:5    | hm
 55674 | Zot:5    | Received a gift from Okawaru
 55676 | Zot:5    | Reached XP level 26. HP: 191/213 MP: 44/44
 55712 | Zot:5    | Noticed a dread lich
 55725 | Zot:5    | Killed a dread lich
 55728 | Zot:5    | Noticed an orb of fire
 55736 | Zot:5    | Noticed a Killer Klown
 55736 | Zot:5    | Noticed a dread lich
 55737 | Zot:5    | Gained mutation: You have hidden genetic defects. [an orb
                  | of fire]
 55743 | Zot:5    | Killed an orb of fire
 55748 | Zot:5    | Killed a dread lich
 55748 | Zot:5    | Received a gift from Okawaru
 55752 | Zot:5    | Killed a Killer Klown
 55753 | Zot:5    | Reached skill level 18 in Spellcasting
 55771 | Zot:5    | Noticed a dread lich
 55772 | Zot:5    | Noticed a Killer Klown
 55774 | Zot:5    | Killed a dread lich
 55775 | Zot:5    | Noticed a Killer Klown
 55778 | Zot:5    | Killed a Killer Klown
 55784 | Zot:5    | Killed a Killer Klown
 55785 | Zot:5    | Noticed an electric golem
 55786 | Zot:5    | Killed an electric golem
 55814 | Zot:5    | Gained mutation: You occasionally lose the ability to read
                  | scrolls when taking damage. [hidden defects]
 55815 | Zot:5    | Lost mutation: You have hidden genetic defects. [potion of
                  | mutation]
 55815 | Zot:5    | Lost mutation: You are strong-willed. (Will+) [potion of
                  | mutation]
 55815 | Zot:5    | Lost mutation: You occasionally lose the ability to read
                  | scrolls when taking damage. [potion of mutation]
 55815 | Zot:5    | Gained mutation: You are frail. (-10% HP) [potion of
                  | mutation]
 55815 | Zot:5    | Gained mutation: You expend magic power (3 MP) to
                  | strengthen your wands. [potion of mutation]
 55815 | Zot:5    | Gained mutation: You have a pair of small antennae on your
                  | head. [potion of mutation]
 55816 | Zot:5    | Lost mutation: You expend magic power (3 MP) to strengthen
                  | your wands. [potion of mutation]
 55816 | Zot:5    | Lost mutation: You are frail. (-10% HP) [potion of
                  | mutation]
 55816 | Zot:5    | Gained mutation: You are strong-willed. (Will+) [potion of
                  | mutation]
 55816 | Zot:5    | Gained mutation: You are partially covered in iridescent
                  | scales. (AC +2) [potion of mutation]
 55816 | Zot:5    | Gained mutation: You are resistant to electric shocks.
                  | (rElec) [potion of mutation]
 55866 | Zot:5    | Received a gift from Okawaru
 55882 | Zot:5    | Got the Orb of Zot
 56019 | Depths:1 | Noticed Aliger the pandemonium lord
 56023 | Depths:1 | Killed Aliger the pandemonium lord
 56121 | D:14     | Reached skill level 18 in Short Blades
 56121 | D:14     | Reached skill level 18 in Long Blades
 56121 | D:14     | Reached skill level 18 in Axes
 56121 | D:14     | Reached skill level 18 in Polearms
 56121 | D:14     | Reached skill level 18 in Staves
 56121 | D:14     | Reached skill level 18 in Ranged Weapons
 56121 | D:14     | Reached skill level 18 in Throwing
 56121 | D:14     | Reached skill level 18 in Armour
 56121 | D:14     | Reached skill level 18 in Stealth
 56121 | D:14     | Reached skill level 18 in Shields
 56121 | D:14     | Reached skill level 18 in Unarmed Combat
 56121 | D:14     | Reached skill level 18 in Evocations
 56464 | D:$      | Escaped with the Orb!

Levels and vault maps discovered:
D:1:      dpeg_arrival_rhombi, layout_basic, chequers_ecumenical_altar_simple,
          palyth_stone_intersect
D:2:      layout_basic, serial_shops, nicolae_shop_getting_attention,
          uniq_jessica
D:3:      layout_loops_ring, grunt_dithmenos_smoke_and_mirrors, serial_shops,
          nicolae_shop_peninsula, minivault_25, uniq_robin, uniq_sigmund,
          uniq_natasha
D:4:      layout_cave_pods, lemuel_round_altar,
          minmay_temple_entry_gardened_gates, grunt_ministairs_11, uniq_menkaure
D:5:      layout_basic, bloody_trog, uniq_blork_the_orc, uniq_duvessa
D:6:      layout_loops_corners, kennysheep_mini_moat, minivault_23,
          chequers_serial_rivers_micro_d, dreamdust_princess_bridge
D:7:      layout_loops_cross, nicolae_ossuary_entry_ruins
D:8:      layout_basic, mainiacjoe_overflow_tiny_flanked, david_lair_generic,
          uniq_maggie
D:9:      layout_loops_ring, nicolae_vehumet_radiance, serial_shops, shop,
          jiyva_altar_1
D:10:     layout_long_grid, orc_0_dummy, serial_shops, shop
D:11:     layout_irregular_city, nicolae_trove_entry_diagonal, serial_shops,
          nicolae_shop_competitors_out_of_business
D:12:     layout_roguey, serial_demonic, serial_demonic_f, serial_demonic_b,
          serial_demonic_d, serial_demonic_f, grunt_qazlal_sundering
D:13:     layout_rooms, hellmonk_vaults_attempted_burglary, gammafunk_ghost_ooze
D:14:     layout_stronghold, nicolae_ru_awakened_eye, serial_shops,
          nicolae_diamond_shop, st_stairs_12, nicolae_two_hexagons
D:15:     grunt_enter_depths_hoard, layout_basic, tso_altar, serial_shops,
          nicolae_shop_behind_doors, serial_aquarium,
          aquarium_bridge_island_small [aquarium_subvault_small_open,
          aquarium_subvault_bridge, aquarium_subvault_balcony,
          aquarium_subvault_window, aquarium_subvault_bridge],
          aquarium_bridge_straight [aquarium_subvault_bridge,
          aquarium_subvault_balcony, aquarium_subvault_bridge,
          aquarium_subvault_wall], aquarium_window_fake, aquarium_window_3,
          aquarium_window_2, aquarium_view_2b, aquarium_view_2e,
          aquarium_balcony_3a, aquarium_pool_1, amethyst_killhole, uniq_louise,
          uniq_agnes
Temple:   lightli_temple_of_artemis
Lair:1:   layout_cave_pods, uniq_grum
Lair:2:   layout_hall_layers, serial_rivers, chequers_serial_rivers_small_b,
          chequers_serial_rivers_micro_b, chequers_serial_rivers_large_a,
          chequers_serial_rivers_small_b, chequers_serial_rivers_room_b,
          chequers_serial_rivers_marsh, serial_bayou_crossing
Lair:3:   layout_cave_pods, elwin_shoals_entry_stream,
          spider_nest_entry_funnel_web, enter_volcano_2,
          chequers_serial_rivers_marsh
Lair:4:   layout_long_grid, slime_entry_2, grunt_megastairs_3
Lair:5:   grunt_lair_end_beastmaster, layout_gridlike
Shoals:1: layout_shoals, nicolae_shoals_goliath_grotto
Shoals:2: layout_shoals, uniq_ilsuiw
Shoals:3: layout_shoals, serial_shops, shop, uniq_mara
Shoals:4: shoals_end_hellmonk_storm_palace [storm_palace_center_square,
          storm_palace_corner_grid, storm_palace_corner_grid,
          storm_palace_corner_grid, storm_palace_corner_narrow]
Spider:1: cheibrodos_forgotten_conduit, drop_trap, uniq_nikola
Spider:2: layout_spider_delve, hangedman_spider_trapstep
Spider:3: nicolae_spider_broodchamber
Spider:4: spider_rune_water, nzn_ghost_randoct, uniq_roxanne, uniq_arachne
Orc:1:    layout_caves, basic_altar, hellmonk_guarded_unrand_dark_maul
Orc:2:    st_orc_ogre_mass, layout_caves, basic_altar, serial_shops, shop
Elf:1:    layout_geoelf_diagonals, serial_shops, shop,
          nicolae_shop_advertising_works [nicolae_subvault_shop_adworks], shop,
          nicolae_shop_waterfront, kennysheep_underground_church, minivault_5,
          nicolae_shop_sticking_my_neck_out
Elf:2:    nicolae_elf_blades_splatter_lattice
          [nicolae_vaults_blade_armed_guards], layout_geoelf_octagon,
          einodemon_armed_red_devil_minivault
Elf:3:    elf_hall, layout_rooms, portal_ice_cave_entry_ugly_swarm
Vaults:1: nicolae_vaults_house_3, nicolae_vaults_big_ls,
          ontoclasm_vaults_shuriken, ontoclasm_vaults_spin, v_misc_12,
          vaults_room_hallway, nicolae_vaults_disjoint_gnomons,
          nicolae_vaults_closet_pinwheel_1, nicolae_vaults_closet_pinwheel_1,
          vaults_dpeg_ring, v_misc_22, nicolae_vaults_trapezoid_lopsided_2,
          vaults_room_semicircle, layout_vaults_omnibox
Vaults:2: hangedman_vaults_nails, vaults_room_fancy_cross,
          hangedman_vaults_restitches, v_misc_31, nicolae_vaults_diamond_2,
          nicolae_vaults_frosty_reception, ontoclasm_vaults_chip,
          nicolae_vaults_corridor_and_loot_room, vaults_dpeg_encased_lava,
          minmay_crypt_entry_simple_statues, vaults_mumra_chevron_long,
          layout_vaults_big_room, serial_shops, nicolae_shop_mannequins
Vaults:3: v_rooms_3, nicolae_vaults_storage_room_glass, v_rooms_2,
          dpeg_vaults_monster_row, layout_vaults_omnigrid
Vaults:4: v_rooms_5, hangedman_vaults_stagger, nicolae_vaults_circle_grid_b,
          nicolae_vaults_doubleplus_tesselated, vaults_room_ringed_pool,
          ontoclasm_vaults_hangar, v_alt_pattern_6,
          nicolae_vaults_ring_of_whatevers, vaults_room_semicircle,
          nicolae_vaults_heart-shaped_vault, nicolae_vaults_alarming,
          vaults_room_semicircle, nicolae_vaults_tetromino_L_2,
          layout_vaults_ring, uniq_margery
Vaults:5: uniq_xtahua
Crypt:1:  layout_misc_corridors, basic_altar, pandoras_box_mu,
          grunt_crypt_arrival_guarded_gate, grunt_megastairs_2
Crypt:2:  layout_misc_corridors, uniq_zenata, uniq_vv
Crypt:3:  grunt_crypt_end_deaths_head
Depths:1: layout_cave_pools, gammafunk_ghost_berserking_beasts,
          pf_hell_entry_tar_river, abyss_entry_small_statue_room, serial_glass,
          glass_columns_a, glass_columns_b, uniq_norris, uniq_saint_roka,
          uniq_aizul
Depths:2: dreamdust_tengu_aerie, layout_gridlike, hex_tiny, hell_entry,
          rand_demon_pan_entry_9, serial_shops, shop,
          nicolae_wu_jian_wuxing_cycle
Depths:3: minmay_nine_rooms, layout_cave_pools, enter_ziggurat_b,
          abyss_entry_flame_altar, hell_entry, infiniplex_staircase_9_rooms
Depths:4: evilmike_zot_entry_basic, layout_gridlike, pan_entry,
          nicolae_water_bricks, hell_entry, ebering_ghost_reflecting_pool
Zot:1:    layout_cathedral_of_symmetry, grunt_megastairs_1
Zot:2:    minmay_elemental_castle, layout_misc_corridors
Zot:3:    layout_onion_interference
Zot:4:    layout_misc_corridors
Zot:5:    layout_misc_corridors

Action                     |  1- 3 |  4- 6 |  7- 9 | 10-12 | 13-15 | 16-18 | 19-21 | 22-24 | 25-27 || total
---------------------------+-------+-------+-------+-------+-------+-------+-------+-------+-------++-------
  Melee: Mace              |    82 |   102 |       |       |       |       |       |       |       ||   184
         Bite              |     2 |    15 |    19 |     5 |    26 |   235 |   456 |    89 |    49 ||   896
         Punch             |     1 |     2 |     8 |     1 |     8 |    23 |       |       |       ||    43
         Whip              |       |    32 |   247 |       |       |       |       |       |       ||   279
         Trident           |       |       |       |    19 |    45 |       |       |       |       ||    64
         Maul              |       |       |       |       |    70 |    16 |   103 |   877 |   329 ||  1395
         Rapier            |       |       |       |       |    83 |  1448 |   434 |       |       ||  1965
         Demon trident     |       |       |       |       |       |       |  2338 |       |       ||  2338
   Fire: Arbalest          |       |       |    91 |   287 |   576 |       |       |       |       ||   954
  Throw: Dart              |       |       |       |     1 |       |     3 |       |       |       ||     4
   Cast: Scorch            |     7 |    19 |    18 |       |       |       |       |       |       ||    44
         Vhi's Electric Ch |       |       |       |       |       |   111 |     8 |   170 |    80 ||   369
         Brom's Barrelling |       |       |       |       |       |       |    11 |       |       ||    11
         Passage of Golubr |       |       |       |       |       |       |     2 |       |       ||     2
         Blink             |       |       |       |       |       |       |       |     5 |     1 ||     6
 Invoke: Fiery Armour      |       |     1 |       |       |       |       |       |       |       ||     1
         Heroism           |       |       |       |     1 |    19 |    16 |     8 |    15 |     5 ||    64
         Finesse           |       |       |       |       |     2 |     9 |    11 |    19 |    12 ||    53
Ability: Evoke Invisibilit |       |       |       |       |       |     2 |       |       |       ||     2
  Evoke: Wand              |       |       |     1 |    24 |     1 |       |       |       |     3 ||    29
         Lightning rod     |       |       |       |       |       |     2 |     6 |     4 |     2 ||    14
    Use: Scroll            |     3 |     2 |    14 |    11 |     8 |     5 |     8 |     6 |    13 ||    70
         Potion            |       |       |       |     1 |     4 |     9 |     7 |     9 |    27 ||    57
   Stab: Invisible         |       |       |       |       |       |    15 |     7 |       |       ||    22
         Sleeping          |       |       |       |       |       |    27 |       |       |       ||    27
         Distracted        |       |       |       |       |       |     3 |     1 |       |       ||     4
 Armour: Robe              |    42 |       |       |       |       |       |       |       |       ||    42
         Ring mail         |    12 |    84 |   179 |   284 |   522 |   677 |    55 |       |       ||  1813
         Crystal plate arm |       |       |       |       |       |       |  1612 |  2008 |   594 ||  4214
  Dodge: Dodged            |    39 |    48 |   135 |   313 |   836 |   984 |   706 |  1163 |   348 ||  4572
  Block: Buckler           |       |       |     9 |       |       |   460 |   635 |       |       ||  1104
         Form:             |       |       |       |       |       |     1 |       |       |       ||     1
         Maw               |       |       |       |       |       |     1 |       |       |       ||     1
